 Dungeon Crawl Stone Soup version 0.30-b1-2-g02819fbbbe (webtiles) character file.

Game seed: 1016216461073585396

182 snakesoul the Trooper (level 5, -11/42 HPs)
             Began as a Demonspawn Fighter on May 27, 2023.
             Mangled by an ogre
             ... wielding a +0 giant club
              (25 damage)
             ... on level 4 of the Dungeon.
             The game lasted 00:04:49 (2921 turns).

snakesoul the Trooper (Demonspawn Fighter)          Turns: 2921, Time: 00:04:50

Health: -11/42     AC: 12    Str: 16    XL:     5   Next: 34%
Magic:  5/5        EV:  7    Int: 11    God:
Gold:   122        SH:  5    Dex: 13    Spells: 4/4 levels left

rFire   . . .        a - +0 war axe
rCold   . . .        c - +0 buckler
rNeg    . . .        d - +0 chain mail
rPois   .            (no helmet)
rElec   .            q - +0 cloak
rCorr   .            (no gloves)
SInv    .            (no boots)
Will    .....        (no amulet) Stlth
                     (no ring)
HPRegen 0.27/turn    (no ring)
MPRegen 0.09/turn

%: no passive effects
@: no status effects
A: hooves 2, icy blue scales 1, powered by pain 1
a: no special abilities


You were on level 4 of the Dungeon.
You visited 1 branch of the dungeon, and saw 4 of its levels.

You collected 122 gold pieces.

Inventory:

Hand Weapons
 a - a +0 war axe (weapon)
Armour
 c - a +0 buckler (worn)
 d - a +0 chain mail (worn)
 q - a +0 cloak (worn)
Jewellery
 h - an amulet of faith
 n - the ring "Iroov" {*Slow Fly rC+ rN+++ Stlth+}
   (You found it on level 2 of the Dungeon)

   [ring of flight]

   rC:        It protects you from cold.
   rN:        It renders you almost immune to negative energy.
   Fly:       It grants you flight.
   *Slow:     It may slow you when you take damage.
   Stlth:     It makes you more stealthy.
Scrolls
 e - 5 scrolls of identify {unknown}
 f - a scroll of amnesia {unknown}
 g - 2 scrolls of fog {unknown}
 i - a scroll of acquirement {unknown}
 j - 2 scrolls of teleportation {unknown}
 l - a scroll of enchant armour {unknown}
 m - a scroll of vulnerability {unknown}
Potions
 b - a potion of heal wounds {unknown}
 k - a potion of ambrosia {unknown}
 o - a potion of berserk rage {unknown}
 p - 2 potions of flight {unknown}


   Skills:
 + Level 3.8 Fighting
 * Level 3.5 Axes
 + Level 3.4 Armour
 + Level 3.4 Shields


You had 4 spell levels left.
You didn't know any spells.
Your spell library contained the following spells:

 Spells                   Type           Power      Damage    Failure   Level
 Dazzling Flash           Conj/Hex       0%         N/A       100%        3
 Tukima's Dance           Hex            0%         N/A       100%        3
 Passage of Golubria      Tloc           0%         N/A       100%        4
 Agony                    Necr           0%         N/A       100%        5
 Silence                  Hex/Air        0%         N/A       100%        5
 Yara's Violent Unravell  Hex/Tmut       0%         3d3       100%        5


Dungeon Overview and Level Annotations

Branches:
Dungeon (4/15)
 Temple: D:4-7

Altars:

Shops:
D:4 [


Innate Abilities, Weirdness & Mutations

You have hoof-like feet.
You are partially covered in icy blue scales. (AC +2)
You sometimes gain a little power by taking damage.


Message History

There is a stone staircase leading down here.
You climb downwards.
Found Ating's Antique Armour Shoppe.
There is a stone staircase leading up here.
There is an entrance to Ating's Antique Armour Shoppe here.
Found a robe.
No target in view!
p - 2 brown potions (gained 1) As you open the door, it creaks loudly!
There is an open door here.
A goblin comes into view. It is wielding a +0 club.
Found a leather armour.
The goblin unwields a +0 club.
The goblin wields a +0 sling.
The goblin shoots a sling bullet.
The sling bullet hits you but does no damage.
A ball python comes into view.
The ball python hisses angrily.
An ogre comes into view. It is wielding a +0 giant club.
The ogre shouts!
The goblin shoots a sling bullet.
The sling bullet barely misses you.
The goblin shoots a sling bullet.
The sling bullet hits you.
You closely miss the ball python. Your kick misses the ball python.
You block the ball python's attack. The ball python grabs you.
The ball python constricts you.
The goblin unwields a +0 sling.
The goblin wields a +0 club.
You block the goblin's attack. The ball python barely misses you.
The ball python constricts you.
You hit the ball python.
You kill the ball python!
You closely miss the goblin. The goblin hits you but does no damage.
You slash the ogre! Your kick misses the ogre.
The ogre is moderately wounded.
You hit the goblin but do no damage. The ogre hits you with a +0 giant club!
The goblin barely misses you. The ogre attacks as you move away!
The ogre hits you with a +0 giant club!
The goblin unwields a +0 club.
The goblin wields a +0 sling.
The goblin shoots a sling bullet.
The sling bullet hits you but does no damage.
The ogre attacks as you move away!
The ogre hits you with a +0 giant club!!
Ouch! That really hurt!
You die...

...........♣^..♣
.##...##........# #♣..∩..
................# #.♣...♣
..........##....####..♣.♣.
..........###..........♣..
..........#...........##.#
..........#...........##<#
....[....##.[.........##.#
.......gO@............##.#
####.#....###............#
##...# #..........###
#.#...###'######.# #.###.#
#.# .# #.# .# #.# # ..# #
#.# #.# #.# #.#


You could see an ogre and a goblin.

Vanquished Creatures
  An orc priest (D:3)
  Ijyb (D:3)
  Terence (D:2)
  3 adders
  A worm (D:2)
  A dart slug (D:2)
  3 orcs
  7 endoplasms
  4 goblins
  8 hobgoblins
  A quokka (D:1)
  10 ball pythons
  9 bats
  7 frilled lizards
  9 kobolds
  3 rats
69 creatures vanquished.

Notes
Turn   | Place    | Note
-------+----------+-------------------------------------------
     0 | D:1      | snakesoul the Demonspawn Fighter began the quest for the
                  | Orb.
     0 | D:1      | Reached XP level 1. HP: 18/18 MP: 1/1
    89 | D:1      | Gained mutation: You have large cloven feet. [demonic
                  | ancestry]
    89 | D:1      | Reached XP level 2. HP: 24/24 MP: 2/2
   683 | D:1      | Gained mutation: You are partially covered in icy blue
                  | scales. (AC +2) [demonic ancestry]
   683 | D:1      | Reached XP level 3. HP: 29/29 MP: 3/3
  1658 | D:2      | Identified the ring "Iroov" {*Slow Fly rC+ rN+++ Stlth+}
  1761 | D:2      | Noticed Terence
  1767 | D:2      | Killed Terence
  1768 | D:2      | Gained mutation: You sometimes gain a little power by
                  | taking damage. [demonic ancestry]
  1768 | D:2      | Reached XP level 4. HP: 28/35 MP: 4/4
  2296 | D:3      | Noticed Ijyb
  2318 | D:3      | Killed Ijyb
  2319 | D:3      | Gained mutation: You have hoof-like feet. [demonic
                  | ancestry]
  2319 | D:3      | Reached XP level 5. HP: 32/42 MP: 5/5
  2889 | D:4      | Found Ating's Antique Armour Shoppe.
  2913 | D:4      | Noticed an ogre
  2921 | D:4      | Mangled by an ogre

Illustrated notes

Levels and vault maps discovered:
D:1:      erik_arrival_cave_to_civilisation [erik_arrival_cave_to_hall],
          layout_basic
D:2:      layout_basic, uniq_terence
D:3:      layout_basic, uniq_ijyb
D:4:      layout_basic, serial_shops, nicolae_diamond_shop

Skill      XL: |  1  2  3  4 |
---------------+-------------+-----
Axes           | 2 3 |  3.5
Shields        | 3 |  3.4
Armour         | 3 |  3.4
Fighting       | |  3.8

Action                     |  1- 3 |  4- 6 || total
---------------------------+-------+-------++-------
  Melee: War axe           |    98 |    71 ||   169
         Kick              |    15 |    16 ||    31
    Use: Potion            |     1 |       ||     1
 Armour: Scale mail        |    46 |       ||    46
         Chain mail        |       |    55 ||    55
  Dodge: Dodged            |    46 |    25 ||    71
  Block: Buckler           |    24 |    15 ||    39
